 Dungeon Crawl Stone Soup version 0.20-a0-492-g6327889 (webtiles) character file.

21 M4edhros the Sneak (level 2, 0/18 HPs)
             Began as an Octopode Artificer on Jan 16, 2017.
             Slain by a scorpion (9 damage)
             ... on level 3 of the Dungeon.
             The game lasted 00:00:32 (576 turns).

M4edhros the Sneak (Octopode Artificer)              Turns: 576, Time: 00:00:32

Health: 0/18       AC:  1    Str: 11    XL:     2   Next: 87%
Magic:  4/4        EV: 13    Int: 13    God:
Gold:   26         SH:  0    Dex: 12    Spells: 1/1 levels left

rFire    . . .     SeeInvis .   a - +0 short sword
rCold    . . .     Gourm    .   (no shield)
rNeg     . . .     Faith    .   (helmet restricted)
rPois    .         Spirit   .   (no amulet)
rElec    .         Reflect  .   (no ring)
rCorr    .         Harm     .   (no ring)
MR       .....                  (no ring)
Stlth    +++.......             (no ring)
Regen    0.0/turn               (no ring)
                                (no ring)
                                (no ring)
                                (no ring)

@: no status effects
A: almost no armour, stealthy swim, amphibious, 8 rings, constrict 8, camouflage
1, gelatinous body 1
a: no special abilities


You were on level 3 of the Dungeon.
You were not hungry.

You visited 1 branch of the dungeon, and saw 3 of its levels.

You collected 26 gold pieces.

Inventory:

Hand Weapons
 a - a +0 short sword (weapon)
Missiles
 i - 6 stones (quivered)
Wands
 b - a wand of flame (14/48)
 c - a wand of enslavement (15/24)
 d - a wand of random effects (15/48)
Scrolls
 e - a scroll of recharging {unknown}
 g - a scroll of identify {unknown}
 j - a scroll of remove curse {unknown}
 l - a scroll of noise {unknown}
Potions
 h - a potion of berserk rage {unknown}
 k - a potion of magic {unknown}
 m - a potion of lignification {unknown}
Comestibles
 f - a bread ration


   Skills:
 - Level 1.0 Fighting
 - Level 1.0 Short Blades
 - Level 2.0 Dodging
 + Level 4.0 Stealth
 - Level 3.2 Evocations


You had one spell level left.
You didn't know any spells.

Dungeon Overview and Level Annotations

Branches:
Dungeon (3/15)

Altars:


Innate Abilities, Weirdness & Mutations

You cannot wear most types of armour.
You are very stealthy in the water. (Stealth+)
You are amphibious.
You can wear up to eight rings at the same time.
You can use your tentacles to constrict eight enemies at once.
Your skin changes colour to match your surroundings (Stealth+).
Your rubbery body absorbs attacks. (AC +1, EV +1)


Message History

Your Stealth skill increases to level 4!
No target in view!
A scorpion comes into view.
A scorpion is nearby!
A scorpion is nearby!
You closely miss the scorpion. Your grab misses the scorpion.
The scorpion barely misses you.
You hit the scorpion but do no damage. You grab the scorpion.
You constrict the scorpion. The scorpion misses you. The scorpion stings you!
Ouch! That really hurt!
Evoke which item? (* to show all) (? for menu, Esc to quit)
Aiming: Throw Flame
Press: ? - help, Shift-Dir - straight line, f - scorpion
Aim: a scorpion (lightly wounded, constricted by you)
The puff of flame hits the scorpion.
The scorpion is moderately wounded.
This wand has 14 charges left.
You constrict the scorpion. The scorpion stings you!
Ouch! That really hurt!
You die...

# #. #
###.#####
##.#.......#
..#.......###
....!.......
#..#.#.s###
#.....@...#
#.......#.#
##.#.##.#
#.....†#
##...###
#<.#.....#
#....##..#
#.#..# .#
......# ..


You could see a scorpion.

Vanquished Creatures
  An ooze (D:1)
  2 leopard geckos
  4 goblins (D:1)
  2 bats
  A frilled lizard (D:1)
  A giant cockroach (D:1)
  4 kobolds (D:1)
  3 rats (D:1)
18 creatures vanquished.

Notes
Turn   | Place    | Note
-------+----------+-------------------------------------------
     0 | D:1      | M4edhros the Octopode Artificer began the quest for the Orb.
     0 | D:1      | Reached XP level 1. HP: 13/13 MP: 3/3
   106 | D:1      | Reached skill level 2 in Stealth
   388 | D:1      | Reached XP level 2. HP: 18/18 MP: 4/4
   391 | D:1      | Reached skill level 3 in Stealth
   569 | D:3      | Reached skill level 4 in Stealth
   571 | D:3      | Noticed a scorpion
   576 | D:3      | Slain by a scorpion

Vault maps used:
D:1:      sevenhm_arrival_forest_fort_large_4
D:2:      ashenzari_conservatory_becter, uniq_jessica
D:3:      uniq_natasha

Skill      XL: |  1  2 |
---------------+-------+-----
Stealth        | 2 4 |  4.0
Fighting       | |  1.0
Short Blades   | |  1.0
Dodging        | |  2.0
Evocations     | |  3.2

Action                   || total
-------------------------++-------
Melee: Short sword       ||    34
       Constrict         ||     9
       Tentacles         ||     4
Evoke: Wand              ||     1
 Stab: Sleeping          ||     5
Armor: Skin              ||     2
Dodge: Dodged            ||    23
